 Dungeon Crawl Stone Soup version 0.18-a0-1070-gd466a24 (webtiles) character file.

79 ater218 the Insei (level 3, -2/28 HPs)
             Began as a Demigod Transmuter on Jan 13, 2016.
             Slain by an ogre
             ... wielding a +0 giant club
              (22 damage)
             ... on level 4 of the Dungeon.
             The game lasted 00:18:41 (3981 turns).

ater218 the Insei (Demigod Transmuter)              Turns: 3981, Time: 00:18:41

Health: -2/28      AC:  2    Str: 15    XL:     3   Next: 97%
Magic:  5/8        EV: 20    Int: 17    God:
Gold:   101        SH:  0    Dex: 21    Spells: 2 memorised, 2 levels left

rFire  . . .     SeeInvis .       - Unarmed
rCold  . . .     Gourm    .     (armour currently unavailable)
rNeg   . . .     Faith    .     (shield currently unavailable)
rPois  x         Spirit   .     (helmet currently unavailable)
rElec  .         Dismiss  .     (cloak currently unavailable)
rCorr  .         Reflect  .     (gloves currently unavailable)
SustAt +         Harm     .     (boots currently unavailable)
MR     .....                    (no amulet)
Stlth  ++........               n - ring of flight
                                d - ring of wizardry

@: spider-form, not resistant to hostile enchantments, unstealthy
A: (antennae 0), (slimy green scales 0), high mp 1, screaming 1, sustain
attributes
a: End Transformation, Evoke Flight


You were on level 4 of the Dungeon.
You were hungry.
You were a venomous arachnid creature.
You visited 1 branch of the dungeon, and saw 4 of its levels.

You collected 101 gold pieces.

Inventory:

Hand Weapons
 r - a +0 broad axe of chopping
Armour
 b - a +0 robe (melded)
 t - a +0 pair of gloves (melded)
Jewellery
 d - a ring of wizardry (left front leg)
 n - a ring of flight (right front leg)
Wands
 m - a wand of magic darts (18/48)
 p - a wand of disintegration (8/24)
Scrolls
 a - a scroll of identify
 e - 3 scrolls of teleportation
 i - a scroll of fear
 l - a scroll of recharging
Potions
 f - a potion of heal wounds
 g - a potion of mutation
 h - a potion of haste
 q - 4 potions of curing
Books
 c - a book of Changes

   Spells                             Type                      Level
   a - Beastly Appendage              Transmutation                1
   b - Sticks to Snakes               Transmutation                2
   c - Spider Form                    Transmutation/Poison         3
   d - Ice Form                       Ice/Transmutation            4
   e - Blade Hands                    Transmutation                5
Comestibles
 k - 2 beef jerkies


   Skills:
 * Level 1.6 Fighting
 + Level 2.2 Dodging
 - Level 0.4 Stealth
 + Level 3.1 Unarmed Combat
 * Level 2.1 Spellcasting
 * Level 2.3 Transmutations
 * Level 0.6 Poison Magic


You had 2 spell levels left.
You knew the following spells:

 Your Spells              Type           Power        Failure   Level  Hunger
a - Beastly Appendage     Trmt           #.....       10%         1    #......
b - Spider Form           Trmt/Pois      #.........   24%         3    ###....


Dungeon Overview and Level Annotations

Branches:
Dungeon (4/15)
 Temple: D:4-7


Innate Abilities, Weirdness & Mutations

You have an increased reservoir of magic (+10% MP).
Your attributes are resistant to harm.
((You have a pair of small antennae on your head.))
((You are partially covered in slimy green scales (AC +2).))
You occasionally shout uncontrollably at your foes.


Message History

The ogre shouts!
You hear a shout!
You barely miss the ogre. The ogre hits you with a giant club!
You hit the ogre.
The ogre is poisoned.
The ogre is lightly wounded.
You hit the ogre.
The ogre looks even sicker.
The ogre is moderately wounded.
The ogre closely misses you.
You bite the ogre!
The ogre is heavily wounded.
The ogre misses you.
An ogre comes into view. It is wielding a giant club.
The ogre shouts!
You hit the ogre.
The ogre is severely wounded.
The ogre misses you.
You barely miss the ogre.
The ogre is severely wounded.
The ogre hits you with a giant club!!
Ouch! That really hurt!
You die...

##.####+##(.###..
#................
#.......^..(.....
#................
##+######...##### ####
###...####...##... .....
#........#........
......#........+.....<..
......Os.......#........
..O...#........#........
##... ##...............#
#.. #################
.l. # .. # . # # #


You could see 2 ogres and an iguana (wandering).

Vanquished Creatures
  2 adders (D:3)
  2 worms (D:2)
  5 orcs (D:3)
  2 ball pythons
  3 giant cockroaches
  3 goblins
  7 hobgoblins
  6 jackals
  3 bats (D:1)
  5 giant newts
  7 kobolds
  4 rats
49 creatures vanquished.

Notes
Turn   | Place    | Note
--------------------------------------------------------------
     0 | D:1      | ater218 the Demigod Transmuter began the quest for the Orb.
     0 | D:1      | Reached XP level 1. HP: 15/15 MP: 5/5
   134 | D:1      | Reached skill level 1 in Fighting
   286 | D:1      | Reached skill level 3 in Unarmed Combat
   295 | D:1      | Reached XP level 2. HP: 11/23 MP: 7/7
  1821 | D:2      | Found a radiant altar of Vehumet.
  1914 | D:2      | Reached XP level 3. HP: 28/28 MP: 8/8
  1919 | D:2      | Learned a level 3 spell: Spider Form
  2574 | D:3      | Gained mutation: You have a pair of small antennae on your head. [potion of mutation]
  2574 | D:3      | Gained mutation: You occasionally shout uncontrollably at your foes. [potion of mutation]
  2574 | D:3      | Gained mutation: You are partially covered in slimy green scales (AC +2). [potion of mutation]
  3974 | D:4      | Noticed an ogre
  3980 | D:4      | Noticed an ogre
  3981 | D:4      | Slain by an ogre

Vault maps used:
D:1:      nicolae_arrival_somewhat_less_tricky_arrival, minmay_misc_feat_room
D:2:      vehumet_crystals
D:4:      lemuel_crystal_altar, kennysheep_mini_moat, first_bread

Action                   || total
-------------------------++-------
Melee: Unarmed           ||   183
 Cast: Beastly Appendage ||     9
       Spider Form       ||     8
  Use: Scroll            ||     8
       Potion            ||     5
 Stab: Sleeping          ||     2
  Eat: Bread ration      ||     2
       Pizza             ||     1
